 Dungeon Crawl Stone Soup version 0.30.0-29-ga12c61a403 (webtiles) character file.

Game seed: 17646168198223804684

4191 GLORYTOGOD the Basher (level 10, -2/79 HPs)
             Began as a Formicid Fighter on June 8, 2023.
             Was a Priest of Okawaru.
             Killed from afar by an electric eel (16 damage)
             ... with a bolt of electricity
             ... in a bailey.
             The game lasted 00:14:41 (7714 turns).

GLORYTOGOD the Basher (Formicid Fighter)            Turns: 7714, Time: 00:14:41

Health: -2/79      AC: 16    Str: 25    XL:     10   Next: 54%
Magic:  11/11      EV: 11    Int: 14    God:    Okawaru [***...]
Gold:   301        SH: 11    Dex: 13    Spells: 9/9 levels left

rFire   . . .        c - +2 morningstar (freeze)
rCold   . . .        j - +1 kite shield
rNeg    . . .        y - +0 plate armour
rPois   .            (helmet unavailable)
rElec   .            C - +0 cloak
rCorr   .            w - +2 pair of gloves
SInv    +            (no boots)
Will    +....        e - amulet of faith Stlth
                     u - +5 ring of evasion
HPRegen 0.33/turn    g - +6 ring of intelligence
MPRegen 0.12/turn

%: faith
@: no status effects
A: permanent stasis, dig shafts and tunnels, antennae 3, four strong arms
a: Dig, Renounce Religion, Heroism


You were in a bailey.
You worshipped Okawaru.
Okawaru was most pleased with you.
You visited 1 branch of the dungeon, and saw 8 of its levels.
You also visited: Sewer and Bailey.

You collected 301 gold pieces.

Inventory:

Hand Weapons
 c - a +2 morningstar of freezing (weapon)
 z - a +1 heavy flail
Missiles
 m - a throwing net
Armour
 j - a +1 kite shield (worn)
 w - a +2 pair of gloves (worn)
 y - a +0 plate armour (worn)
 C - a +0 cloak (worn)
Jewellery
 e - an amulet of faith (around neck)
 g - a +6 ring of intelligence (right hand)
 u - a +5 ring of evasion (left hand)
Wands
 A - a wand of iceblast (8)
Scrolls
 f - a scroll of brand weapon
 i - 4 scrolls of fog
Potions
 a - a potion of lignification
 b - a potion of berserk rage
 d - 2 potions of haste
 h - 2 potions of flight
 k - a potion of might
 l - a potion of magic {unknown}
 n - 2 potions of curing
 o - a potion of brilliance {unknown}
 q - 2 potions of degeneration
 r - 2 potions of mutation
 s - 2 potions of heal wounds
 t - a potion of ambrosia {unknown}


   Skills:
 * Level 7.1 Fighting
 * Level 12.0 Maces & Flails
 + Level 5.4 Armour
 + Level 6.5 Shields
 + Level 2.3 Invocations
 + Level 2.0 Evocations


You had 9 spell levels left.
You didn't know any spells.
Your spell library contained the following spells:

 Spells                   Type           Power      Damage    Failure   Level
 Ensorcelled Hibernation  Hex/Ice        0%         N/A       100%        2
 Frozen Ramparts          Ice            0%         1d1       100%        3
 Gell's Gravitas          Tloc           0%         N/A       100%        3
 Spider Form              Tmut/Pois      0%         N/A       100%        3
 Teleport Other           Tloc           0%         N/A       100%        3
 Volatile Blastmotes      Fire/Tloc      0%         2d10      100%        3
 Anguish                  Hex/Necr       0%         N/A       100%        4
 Fulminant Prism          Conj/Hex       0%         3d5       100%        4
 Ice Form                 Ice/Tmut       0%         N/A       100%        4
 Iskenderun's Mystic Bla  Conj/Tloc      0%         2d3       100%        4
 Lee's Rapid Deconstruct  Erth           0%         3d4*      100%        5
 Dispersal                Tloc           0%         N/A       100%        6
 Summon Ice Beast         Ice/Summ       Unusable   N/A       N/A         4

Dungeon Overview and Level Annotations

Branches:
Dungeon (8/15)             Temple (0/1) D:6           Sewer (visited)
 Bailey (1/1)
   Lair: D:8-11

Altars:
Okawaru
Qazlal
Vehumet


Innate Abilities, Weirdness & Mutations

You cannot be hasted, slowed, berserked, paralysed or teleported.
You can dig through walls and to a lower floor.
You have a pair of large antennae on your head. (SInv)
Your four strong arms can wield two-handed weapons with a shield.


Message History

Okawaru accepts your kill.
Your Maces & Flails skill increases to level 12!
You puncture the orc! You freeze the orc.
You kill the orc!
Okawaru accepts your kill.
No target in view!
No target in view!
There is an open door, spattered with blood here.
Items here: )) [[ †.
You start resting.
You sense a monster nearby.
An electric eel comes into view.
The electric eel moves out of view.
The electric eel shoots out a bolt of lightning at you!
The bolt of electricity hits you!
Found a gate leading back out of this place.
The electric eel shoots out a bolt of lightning at you!
The bolt of electricity hits you!
An electric eel comes into view.
You hit the electric eel. You freeze the electric eel.
The electric eel is moderately wounded.
The electric eel shoots out a bolt of lightning at you!
The bolt of electricity hits the electric eel.
The electric eel completely resists.
The bolt of electricity hits you.
You closely miss the electric eel.
The electric eel is moderately wounded.
The electric eel shoots out a bolt of lightning at you!
The bolt of electricity hits you!
The electric eel shoots out a bolt of lightning at you!
The bolt of electricity hits the electric eel.
The electric eel completely resists.
The bolt of electricity hits you!
The electric eel shoots out a bolt of lightning at you!
The bolt of electricity hits the electric eel.
The electric eel completely resists.
The bolt of electricity hits you!
* * * LOW HITPOINT WARNING * * *
The electric eel shoots out a bolt of lightning at you!
The bolt of electricity hits you.
* * * LOW HITPOINT WARNING * * *
The bolt of electricity hits you!
You die...

#≈≈≈≈≈~∩. { #..
#≈≈≈≈≈~.# { { #..
#≈≈S≈≈~.### #..
#≈≈≈≈≈~.#. ####
#≈≈≈≈≈~.# #..)
#≈≈≈≈≈S.# #..)
#.##############...
#....#.....).8.8.8.
#.@..).....#)......
#+#..##############
#..+ ####


You could see 2 electric eels.

Vanquished Creatures
  Grinder (Sewer)
  4 yaks (D:8)
  3 water moccasins
  2 black bears (D:6)
  7 orc warriors
  2 ice beasts (D:7)
  An ogre (D:7)
  A phantom (D:6)
  A kobold brigand (Sewer)
  A bullfrog (D:7)
  A gnoll sergeant (D:7)
  A necrophage (Sewer)
  4 scorpions (D:4)
  5 wights
  3 killer bees (D:7)
  An electric eel (D:6)
  A gnoll bouda (D:7)
  5 hounds
  Crazy Yiuf (D:7)
  A jelly (D:6)
  An orc priest (D:5)
  Natasha (D:2)
  2 iguanas
  2 sleepcaps (D:6)
  6 orc wizards
  14 gnolls
  8 adders
  5 shadow imps
  A white imp (D:7)
  7 ufetubi
  2 adder zombies (Sewer)
  25 orcs
  A bat zombie (Sewer)
  13 endoplasms
  3 giant cockroaches
  8 goblins
  13 hobgoblins
  A quokka (D:2)
  6 ball pythons
  10 bats
  3 frilled lizards
  A giant cockroach zombie (Sewer)
  21 kobolds
  2 kobold zombies (Sewer)
  6 rats
208 creatures vanquished.

Vanquished Creatures (others)
  An orc (D:6)
1 creature vanquished.

Grand Total: 209 creatures vanquished

Notes
Turn   | Place    | Note
-------+----------+-------------------------------------------
     0 | D:1      | GLORYTOGOD the Formicid Fighter began the quest for the
                  | Orb.
     0 | D:1      | Reached XP level 1. HP: 18/18 MP: 1/1
   266 | D:1      | Reached XP level 2. HP: 24/24 MP: 2/2
   365 | D:1      | Found a faded altar of an unknown god.
   398 | D:1      | Reached skill level 3 in Maces & Flails
   768 | D:2      | Noticed Natasha
   773 | D:2      | Killed Natasha
   774 | D:2      | Reached XP level 3. HP: 22/29 MP: 3/3
   888 | D:2      | Reached skill level 4 in Maces & Flails
   888 | D:2      | Reached XP level 4. HP: 31/32 MP: 4/4
  1371 | D:2      | Reached XP level 5. HP: 41/41 MP: 5/5
  1608 | D:3      | Reached skill level 5 in Maces & Flails
  1699 | D:3      | Found a stormy altar of Qazlal.
  2473 | D:4      | Found a glowing drain.
  2491 | Sewer    | Entered a sewer
  2581 | Sewer    | Reached XP level 6. HP: 25/47 MP: 6/6
  2601 | Sewer    | Reached skill level 6 in Maces & Flails
  2820 | Sewer    | Found an ancient bone altar of Kikubaaqudgha.
  2836 | Sewer    | Reached XP level 7. HP: 52/52 MP: 7/7
  2866 | Sewer    | Reached skill level 7 in Maces & Flails
  2878 | Sewer    | Noticed Grinder
  2894 | Sewer    | Killed Grinder
  2904 | Sewer    | Reached skill level 8 in Maces & Flails
  3111 | D:4      | Reached XP level 8. HP: 45/58 MP: 8/8
  3438 | D:4      | Reached skill level 9 in Maces & Flails
  4097 | D:5      | Entered Level 5 of the Dungeon
  4255 | D:5      | Reached skill level 10 in Maces & Flails
  4863 | D:6      | Reached XP level 9. HP: 64/64 MP: 9/9
  5124 | D:6      | Found an iron altar of Okawaru.
  5132 | D:6      | Found a radiant altar of Vehumet.
  5234 | D:6      | Became a worshipper of Warmaster Okawaru
  6088 | D:6      | Reached skill level 11 in Maces & Flails
  6092 | D:6      | Found a staircase to the Ecumenical Temple.
  6104 | D:6      | Reached skill level 5 in Shields
  6461 | D:7      | Reached * piety under Okawaru
  6462 | D:7      | Reached skill level 5 in Fighting
  6898 | D:7      | Reached ** piety under Okawaru
  7086 | D:7      | Reached XP level 10. HP: 75/76 MP: 10/10
  7291 | D:7      | Found a runed translucent door.
  7292 | D:7      | Noticed Crazy Yiuf
  7296 | D:7      | Killed Crazy Yiuf
  7423 | D:8      | Reached skill level 5 in Armour
  7423 | D:8      | Reached skill level 1 in Invocations
  7435 | D:8      | Reached skill level 1 in Evocations
  7447 | D:8      | Reached *** piety under Okawaru
  7468 | D:8      | Found a flagged portal.
  7544 | Bailey   | Entered a bailey
  7699 | Bailey   | Reached skill level 12 in Maces & Flails
  7714 | Bailey   | Killed from afar by an electric eel

Illustrated notes

Levels and vault maps discovered:
D:1:      grunt_arrival_crossed_arrows, layout_basic,
          ebering_ecumenical_altar_sacrificial
D:2:      layout_rooms, minmay_misc_feat_ornament, uniq_natasha
D:3:      layout_basic, grunt_qazlal_sundering, patterned_corridor
D:4:      layout_loops_corners, serial_forest, infiniplex_forest_clump_diagonal,
          infiniplex_forest_split, infiniplex_forest_side_room,
          infiniplex_forest_clump_tiny, infiniplex_forest_lined_ring,
          infiniplex_forest_lined_corner, infiniplex_forest_straight_3,
          infiniplex_forest_fountain, cheibrodos_sewer_entry_sluice
D:5:      layout_loops_cross
D:6:      layout_basic, mainiacjoe_overflow_large_starburst,
          minmay_temple_entry_tees, nicolae_water_bricks, st_stairs_1
D:7:      layout_basic, uniq_crazy_yiuf_cottage
D:8:      layout_loops_corners, enter_bailey_8
Bailey:   bailey_axe_of_yendor_kennysheep, bailey

Skill      XL: |  1  2  3  4  5  6  7  8  9 10 |
---------------+-------------------------------+-----
Maces & Flails | 3 4 5 6 8 10 11 12 | 12.0
Fighting       | 6 7 |  7.1
Armour         | 4 5 |  5.4
Shields        | 5 6 |  6.5
Invocations    | 2 |  2.3
Evocations     | 2 |  2.0

Action                     |  1- 3 |  4- 6 |  7- 9 | 10-12 || total
---------------------------+-------+-------+-------+-------++-------
  Melee: Flail             |    69 |   126 |       |       ||   195
         Morningstar       |       |    65 |   279 |   116 ||   460
Ability: Dig               |     1 |       |     4 |     1 ||     6
    Use: Scroll            |       |     9 |     8 |     3 ||    20
         Potion            |       |       |     1 |       ||     1
 Armour: Scale mail        |    39 |       |       |       ||    39
         Chain mail        |       |    90 |    79 |       ||   169
         Plate armour      |       |       |    14 |    38 ||    52
  Dodge: Dodged            |    31 |    82 |   126 |    27 ||   266
  Block: Buckler           |    18 |    24 |       |       ||    42
         Kite shield       |       |    38 |   124 |    38 ||   200
